 Dungeon Crawl Stone Soup version 0.28.0 (webtiles) character file.

Game seed: 12941234061024742663

506 pkoi the Conjurer (level 6, 0/45 HPs)
             Began as a Draconian Conjurer on Feb 14, 2022.
             Was an Initiate of Sif Muna.
             Slain by an ogre (13 damage)
             ... on level 3 of the Dungeon.
             The game lasted 00:07:02 (5576 turns).

pkoi the Conjurer (Draconian Conjurer)              Turns: 5576, Time: 00:07:02

Health: 0/45       AC:  9    Str: 15    XL:     6   Next: 97%
Magic:  3/10       EV: 12    Int: 20    God:    Sif Muna [......]
Gold:   142        SH:  0    Dex: 10    Spells: 3/10 levels left

rFire   . . .      SeeInvis .   f - +0 dagger (venom)
rCold   . . .      Faith    .   (no shield)
rNeg    . . .      Spirit   .   (armour unavailable)
rPois   .          Reflect  .   (helmet restricted)
rElec   .          Harm     .   c - +0 cloak
rCorr   .          Rampage  .   a - +1 pair of gloves
Will    .....                   (no boots)
Stlth   ++........              (no amulet)
HPRegen 0.15/turn               k - +6 ring of strength
MPRegen 0.12/turn               (no ring)

@: no status effects
A: AC +6, unfitting armour, cold-blooded
a: Renounce Religion


You were on level 3 of the Dungeon.
You worshipped Sif Muna.
Sif Muna was noncommittal.
You visited 2 branches of the dungeon, and saw 5 of its levels.

You collected 142 gold pieces.

Inventory:

Hand Weapons
 b - a +0 club
 f - a +0 dagger of venom (weapon)
 j - a +2 vampiric short sword
Missiles
 m - a throwing net
Armour
 a - a +1 pair of gloves (worn)
 c - a +0 cloak (worn)
Jewellery
 k - a +6 ring of strength (left hand)
 r - a +4 ring of slaying
Scrolls
 e - 2 scrolls of identify
 n - a scroll of magic mapping
Potions
 d - 2 potions of mutation {unknown}
 h - a potion of haste {unknown}
 l - 2 potions of curing {unknown}
 o - a potion of degeneration {unknown}
 q - a potion of brilliance
 s - a potion of ambrosia {unknown}


   Skills:
 - Level 1.7 Dodging
 - Level 1.7 Stealth
 + Level 2.9 Spellcasting
 * Level 7.1 Conjurations
 * Level 3.2 Translocations
 + Level 0.7 Invocations


You had 3 spell levels left.
You knew the following spells:

 Your Spells              Type           Power      Damage    Failure   Level
a - Magic Dart            Conj           100%       1d8       1%          1
b - Searing Ray           Conj           62%        2d6       1%          2
c - Iskenderun's Mystic   Conj/Tloc      23%        2d6       17%         4

Your spell library contained the following spells:

 Spells                   Type           Power      Damage    Failure   Level
 Dazzling Flash           Conj/Hex       34%        N/A       10%         3
 Animate Skeleton         Necr           4%         N/A       14%         1
 Pain                     Necr           8%         1d4       14%         1
 Vampiric Draining        Necr           2%         2d6       41%         3
 Fulminant Prism          Conj/Hex       8%         3d7       32%         4
 Conjure Ball Lightning   Conj/Air       8%         3x3d6     99%         6
 Discord                  Hex            1%         N/A       100%        8
 Disjunction              Tloc           7%         N/A       100%        8


Dungeon Overview and Level Annotations

Branches:
Dungeon (4/15)             Temple (1/1) D:4

Altars:
Cheibriados
Dithmenos
Elyvilon
Gozag
Kikubaaqudgha
Makhleb
Okawaru
Qazlal
Sif Muna
Trog
Uskayaw
Wu Jian
Xom
Yredelemnul

Shops:
D:4 [*


Innate Abilities, Weirdness & Mutations

Your plain brown scales are hard. (AC +6)
You cannot fit into any form of body armour.
You are cold-blooded and may be slowed by cold attacks.


Message History

Press: ? - help, Shift-Dir - straight line, f - gnoll
Aim: a gnoll, wielding a +1 vorpal flail (heavily wounded, 82% to hit)
The searing ray misses the gnoll. (Press . to maintain the ray.) Unknown command.
The searing ray hits the gnoll!
You kill the gnoll!
Sif Muna accepts your kill.
You start resting.
An ogre is nearby!
An ogre is nearby!
An ogre is nearby!
You see here 14 arrows.
You can't go up here!
There is a stone staircase leading up here.
The ogre barely misses you.
You climb upwards.
There is a stone staircase leading down here.
Okay, then.
Your +0 dagger of venom begins to drip with poison!
f - a +0 dagger of venom (weapon)
You hit the ogre but do no damage.
The ogre is poisoned.
The ogre hits you with a +0 giant club.
* * * LOW HITPOINT WARNING * * *
You hit the ogre.
The ogre looks as sick as possible!
You tail-slap the ogre, but do no damage.
The ogre is lightly wounded.
The ogre hits you with a +0 giant club!!
Ouch! That really hurt!
* * * LOW HITPOINT WARNING * * *
Casting: Searing Ray (safe; 1% risk of failure)
Confirm with . or Enter, or press ? or * to list all spells.
Aiming: Searing Ray (safe; 1% risk of failure)
Press: ? - help, Shift-Dir - straight line, f - ogre
Aim: an ogre, wielding a +0 giant club (lightly wounded, extremely poisoned, 90% to hit)
The searing ray hits the ogre.
The ogre is moderately wounded. (Press . to maintain the ray.)
The ogre hits you with a +0 giant club!
You die...

#####..#...#')###....
#####.....###.#....
#............(#.###
#......♣......#.#
#.............#[#
#.###.....###...#
###.'#...#..#####
#...#...#.))#
#@O##...##)>#
##########....####
#.............# ##
#.#########...# ##^
#.#.....# #...# #^.
#.#.###.# #...# #.#
#.#.#<#.# #...# #^#
#.#.#.#.# ##### ##§.
#.#.#.#.# #.§.


You could see an ogre (extremely poisoned).

Vanquished Creatures
  A black bear (D:3)
  2 phantoms (D:4)
  A hound (D:4)
  An iguana (D:4)
  A hound skeleton (D:3)
  8 gnolls
  3 adders
  An adder skeleton (D:4)
  A worm (D:2)
  3 dart slugs
  An orc (D:3)
  6 bats
  5 endoplasms
  6 giant cockroaches
  8 goblins
  11 hobgoblins
  8 jackals (D:3)
  3 quokkas
  11 ball pythons
  4 frilled lizards
  5 kobolds
  3 rats
93 creatures vanquished.

Notes
Turn   | Place    | Note
-------+----------+-------------------------------------------
     0 | D:1      | pkoi the Draconian Conjurer began the quest for the Orb.
     0 | D:1      | Reached XP level 1. HP: 14/14 MP: 3/3
   217 | D:1      | Reached XP level 2. HP: 20/20 MP: 3/5
   563 | D:1      | Found a faded altar of an unknown god.
   780 | D:1      | Reached skill level 5 in Conjurations
   799 | D:1      | Reached XP level 3. HP: 18/26 MP: 6/6
   802 | D:1      | Learned a level 2 spell: Searing Ray
  2397 | D:3      | Reached XP level 4. HP: 33/33 MP: 5/7
  2708 | D:3      | Reached skill level 6 in Conjurations
  3326 | D:3      | Found a stormy altar of Qazlal.
  3485 | D:4      | Noticed an ogre
  3493 | D:3      | Learned a level 4 spell: Iskenderun's Mystic Blast
  3526 | D:4      | Noticed a phantom
  3646 | D:4      | Found Gaopn's Armour Shoppe.
  3647 | D:4      | Noticed a black bear
  3658 | D:3      | Reached XP level 5. HP: 11/38 MP: 2/8
  3997 | D:3      | Killed a black bear
  3998 | D:3      | Reached skill level 1 in Translocations
  4426 | D:4      | Found Tiuqy's CLEARANCE SALE!.
  4429 | D:4      | Noticed a phantom
  4453 | D:4      | Killed a phantom
  4454 | D:4      | Reached XP level 6. HP: 23/45 MP: 0/9
  5155 | D:4      | Found a staircase to the Ecumenical Temple.
  5295 | Temple   | Entered the Ecumenical Temple
  5417 | Temple   | Became a worshipper of Sif Muna the Loreminder
  5460 | D:4      | Reached skill level 7 in Conjurations
  5576 | D:3      | Slain by an ogre

Illustrated notes

Levels and vault maps discovered:
D:1:      beargit_arrival_greenhouse, layout_loops_ring,
          chequers_ecumenical_altar_lobes, serial_park_tiny_pond,
          grunt_decor_resistance, grunt_decor_one_mirror, minmay_pentomino_w2
D:2:      layout_basic, minmay_close_crescents
D:3:      layout_basic, grunt_qazlal_sundering, grunt_ministairs_6
D:4:      layout_basic, minmay_temple_entry_poolview, serial_shops,
          nicolae_stop_n_shop_1, nicolae_take_the_stairs, nicolae_shop_clearance
Temple:   dshaligram_water_room_temple

Skill      XL: |  1  2  3  4  5  6 |
---------------+-------------------+-----
Conjurations   | 5 6 7 |  7.1
Translocations | 2 3 |  3.2
Dodging        | |  1.7
Stealth        | |  1.7
Spellcasting   | |  2.9
Invocations    | |  0.7

Action                   |  1- 3 |  4- 6 || total
-------------------------+-------+-------++-------
Melee: Unarmed           |    23 |       ||    23
       Tailslap          |    10 |     3 ||    13
       Club              |    27 |       ||    27
       Dagger            |    17 |    31 ||    48
 Cast: Magic Dart        |    82 |    50 ||   132
       Searing Ray       |       |    16 ||    16
  Use: Scroll            |       |     6 ||     6
Armor: Skin              |    31 |    38 ||    69
Dodge: Dodged            |    64 |    57 ||   121
